 Dungeon Crawl Stone Soup version 0.19.1 (webtiles) character file.

124 Host24 the Ducker (level 5, -2/32 HPs)
             Began as a Kobold Hunter on Dec 31, 2016.
             Slain by an orc
             ... wielding a +0 trident
              (8 damage)
             ... on level 3 of the Dungeon.
             The game lasted 00:03:53 (2752 turns).

Host24 the Ducker (Kobold Hunter)                   Turns: 2752, Time: 00:03:54

Health: -2/32      AC:  5    Str: 10    XL:     5   Next: 30%
Magic:  5/5        EV: 17    Int: 12    God:
Gold:   172        SH:  0    Dex: 16    Spells: 0 memorised, 4 levels left

rFire  . . .     SeeInvis .     a - +1 hand crossbow
rCold  . . .     Gourm    .     c - +0 leather armour
rNeg   . . .     Faith    .     (shield restricted)
rPois  .         Spirit   .     (no helmet)
rElec  .         Reflect  .     r - +0 cloak
rCorr  .         Harm     .     q - +0 pair of gloves
MR     .....                    (no boots)
Stlth  ++........               (no amulet)
                                (no ring)
                                (no ring)

@: slowed, very slow
A: carnivore 3
a: no special abilities


You were on level 3 of the Dungeon.
You were completely stuffed.

You visited 1 branch of the dungeon, and saw 3 of its levels.

You collected 172 gold pieces.

Inventory:

Hand Weapons
 a - a +1 hand crossbow (weapon)
 b - a +0 short sword
 s - a +1 long sword of protection
Missiles
 d - 16 bolts (quivered)
 e - 116 stones
 i - 36 arrows
Armour
 c - a +0 leather armour (worn)
 q - a +0 pair of gloves (worn)
 r - a +0 cloak (worn)
Scrolls
 g - 4 scrolls of remove curse {unknown}
 j - a scroll of recharging {unknown}
 k - 3 scrolls of identify {unknown}
 m - a scroll of fear {unknown}
 n - a scroll of enchant armour {unknown}
 o - a scroll of teleportation {unknown}
 t - a scroll of random uselessness {unknown}
Potions
 h - a potion of curing {unknown}
 l - a potion of ambrosia {unknown}
 p - a potion of berserk rage {unknown}
Comestibles
 f - 2 meat rations


   Skills:
 + Level 3.1 Fighting
 - Level 5.0 Crossbows
 - Level 5.3 Dodging
 - Level 1.3 Stealth


You had 4 spell levels left.
You didn't know any spells.

Dungeon Overview and Level Annotations

Branches:
Dungeon (3/15)

Altars:
Dithmenos
Sif Muna


Innate Abilities, Weirdness & Mutations

You are small and have problems with some larger weapons.
You are carnivorous and can eat meat at any time.


Message History

Press: ? - help, Shift-Dir - straight line, f/p - orc wizard
Aim: an orc wizard, wielding a dagger and wearing a robe (heavily wounded, fast)
You shoot a bolt. The bolt hits the orc wizard.
The orc wizard is severely wounded.
The orc wizard hits you but does no damage.
The orc barely misses you. The orc misses you.
The orc wizard gestures at you while chanting.
You resist with some effort. The orc closely misses you.
Firing (i - inventory. (,) - cycle):
d - 17 bolts (quivered)
Press: ? - help, Shift-Dir - straight line, f/p - orc wizard
Aim: an orc wizard, wielding a dagger and wearing a robe (severely wounded, fast)
You shoot a bolt. The bolt barely misses the orc wizard.
The orc wizard closely misses you.
The orc hits you from afar with a trident.
* * * LOW HITPOINT WARNING * * *
The orc wizard hits you with a dagger.
* * * LOW HITPOINT WARNING * * *
The orc closely misses you.
The orc hits you from afar with a trident!
You die...

####.....#........##
...............(...
#...#.#.........#
#...............##
#.................
#..............##. .
##..............# .o.
#..............o##.....
##..............@ooo....
...............#####....
...>...........## # ...
..)..#..........### ...
...).#............## ..o.
....)†........†....#### .....
...............###....##..o..
...............####.#.......
..........†....#........#.


You could see an orc wizard and 4 orcs.

Vanquished Creatures
  An orc wizard (D:3)
  5 adders
  A worm (D:2)
  A dart slug (D:3)
  A leopard gecko (D:3)
  2 orcs (D:3)
  7 bats
  5 giant cockroaches
  4 goblins
  5 hobgoblins
  4 quokkas
  A frilled lizard (D:3)
  2 kobolds
  5 rats
44 creatures vanquished.

Notes
Turn   | Place    | Note
-------+----------+-------------------------------------------
     0 | D:1      | Host24 the Kobold Hunter began the quest for the Orb.
     0 | D:1      | Reached XP level 1. HP: 12/12 MP: 1/1
   461 | D:1      | Reached XP level 2. HP: 10/18 MP: 2/2
  1250 | D:2      | Reached XP level 3. HP: 17/23 MP: 3/3
  1621 | D:2      | Reached skill level 5 in Crossbows
  2148 | D:2      | Reached XP level 4. HP: 27/28 MP: 4/4
  2401 | D:2      | Found a deep blue altar of Sif Muna.
  2412 | D:2      | Found a shadowy altar of Dithmenos.
  2651 | D:3      | Reached skill level 5 in Dodging
  2651 | D:3      | Reached XP level 5. HP: 12/32 MP: 5/5
  2752 | D:3      | Slain by an orc

Skill      XL: |  1  2  3  4 |
---------------+-------------+-----
Fighting       | 3 |  3.1
Dodging        | 3 5 |  5.3
Crossbows      | 5 |  5.0
Stealth        | |  1.3

Action                   |  1- 3 |  4- 6 || total
-------------------------+-------+-------++-------
Melee: Short sword       |   120 |    67 ||   187
 Fire: Hand crossbow     |     7 |    20 ||    27
 Stab: Sleeping          |     3 |     2 ||     5
  Eat: Chunk             |    11 |     3 ||    14
Armor: Leather armour    |    23 |    23 ||    46
Dodge: Dodged            |   104 |    88 ||   192
